 Dungeon Crawl Stone Soup version 0.26-b1-32-g5d43845318 (webtiles) character file.

Game seed: 4500940913425046245

11302 Borgoz the Nimble (level 11, 0/94 HPs)
             Began as a Ghoul Gladiator on Jan 13, 2021.
             Was a Believer of Ashenzari.
             Slain by a wight
             ... wielding a cursed +0 mace
              (6 damage)
             ... on level 11 of the Dungeon.
             The game lasted 00:15:57 (14178 turns).

Borgoz the Nimble (Ghoul Gladiator)                Turns: 14178, Time: 00:15:57

Health: 0/94       AC: 13    Str: 20    XL:     11   Next: 75%
Magic:  10/10      EV: 19    Int:  3    God:    Ashenzari [**....]
Gold:   276        SH:  9    Dex: 18    Spells: 10/10 levels left

rFire    . . .     SeeInvis .   w - +3 scimitar (curse)
rCold    + + .     Faith    .   k - +0 buckler
rNeg     + + +     Spirit   .   D - +0 steam dragon scales
rPois    ∞         Reflect  +   c - +0 helmet
rElec    .         Harm     +   o - scarf {harm}
rCorr    .         Rampage  .   C - +0 pair of gloves
Will     .....                  v - +2 pair of boots {Stlth+}
Stlth    +++.......             i - amulet of reflection
HPRegen  0.00/turn              x - ring of protection from cold
MPRegen  0.12/turn              E - +6 ring of dexterity

@: no status effects
A: claws 1, cold resistance 1, negative energy resistance 3, inhibited
regeneration, torment resistance, unbreathing
a: Renounce Religion, Curse Item, Scrying


You were on level 11 of the Dungeon.
You worshipped Ashenzari.
Ashenzari was pleased with you.
You visited 2 branches of the dungeon, and saw 12 of its levels.

You collected 617 gold pieces.
You spent 341 gold pieces at shops.

Inventory:

Hand Weapons
 l - the +6 quarterstaff "Qoedae" {holy, rPois Str+3 Int+2}
   (You found it on level 9 of the Dungeon)

   It has been blessed by the Shining One to cause great damage to the undead
   and demons.
   It affects your strength (+3).
   It affects your intelligence (+2).
   It protects you from poison.
 w - a cursed +3 scimitar (weapon)
Missiles
 d - 2 throwing nets (quivered)
Armour
 a - a +2 cloak
 c - a +0 helmet (worn)
 k - a +0 buckler (worn)
 o - a scarf of harm (worn)
 v - a +2 pair of boots of stealth (worn)
 B - the +4 scale mail "Hadikk" {rF+ rC+ Regen+ Dex-2}
   (You bought it in a shop on level 7 of the Dungeon)

   It affects your dexterity (-2).
   It protects you from fire.
   It protects you from cold.
   It increases your rate of regeneration.
 C - a +0 pair of gloves (worn)
 D - +0 steam dragon scales (worn)
Jewellery
 i - an amulet of reflection (around neck)
 x - a ring of protection from cold (left hand)
 E - a +6 ring of dexterity (right hand)
Wands
 e - a wand of flame (7)
 j - a wand of digging (6)
 q - a wand of iceblast (18)
Scrolls
 b - 2 scrolls of fear
 f - 7 scrolls of teleportation
 g - 2 scrolls of identify
 m - 7 scrolls of remove curse
 r - 3 scrolls of enchant armour
 t - a scroll of enchant weapon
 y - 4 scrolls of blinking
Potions
 n - a potion of brilliance
 s - 2 potions of magic
 u - a potion of flight
 z - a potion of resistance
 A - 2 potions of might


   Skills:
 + Level 7.9 Fighting
 * Level 9.5(11.6) Long Blades
 - Level 1.7 Throwing
 * Level 9.0 Armour
 * Level 9.5 Dodging


You had 10 spell levels left.
You didn't know any spells.
Your spell library contained the following spells:

 Spells                   Type           Power        Failure   Level
 Summon Small Mammal      Summ           0%           71%         1
 Call Imp                 Summ           0%           83%         2
 Call Canine Familiar     Summ           0%           97%         3
 Summon Guardian Golem    Hex/Summ       0%           97%         3
 Summon Ice Beast         Ice/Summ       0%           100%        4
 Summon Lightning Spire   Summ/Air       0%           100%        4


Dungeon Overview and Level Annotations

Branches:
Dungeon (11/15)            Temple (1/1) D:6            Lair (0/6) D:9
    Orc (0/2) D:10

Altars:
Ashenzari
Cheibriados
Dithmenos
Elyvilon
Fedhas
Gozag
Hepliaklqana
Kikubaaqudgha
Makhleb
Nemelex Xobeh
Okawaru
Qazlal
Ru
Sif Muna
Trog
Uskayaw
Vehumet
Wu Jian
Xom
Yredelemnul
Zin
The Shining One

Shops:
D:7 *(=*[


Innate Abilities, Weirdness & Mutations

You thrive by killing the living.
You are immune to poison.
You have sharp fingernails.
Your flesh is cold resistant. (rC+)
You are immune to negative energy. (rN+++)
You do not regenerate when monsters are visible.
You are immune to unholy pain and torment.
You can survive without breathing.


Message History

The red ugly thing is almost dead.
The red ugly thing gores you!
* * * LOW HITPOINT WARNING * * *
You are engulfed in flames!
* * * LOW HITPOINT WARNING * * *
You slash the red ugly thing!
You kill the red ugly thing!
You feel better.
Your Armour skill increases to level 9!
There is a stone staircase leading up here.
Okay, then.
You see here an orc corpse.
A wight comes into view. It is wielding a +0 mace.
The wight closely misses you.
You hit the wight.
The wight is lightly damaged.
You barely miss the wight.
The wight is lightly damaged.
The wight hits you with a cursed +0 mace.
You die...

,
................#
,
...[............#
,
,................#
.............÷###
,
...............##
##...........÷..##
##............!<##
#..............<#
*#......z@....†<##
, *
.............)##
.............## ,
............##
...........##
..........## ,
.........## ,
........## , ,
.......##


You could see a wight.

Vanquished Creatures
  Harold (D:7)
  A two-headed ogre (D:9)
  Sonja (D:10)
  An obsidian statue (D:9)
  An ugly thing (D:11)
  Psyche (D:8)
  Maggie (D:7)
  A hornet (D:10)
  A meliai zombie (D:11)
  6 yaks (D:10)
  Sigmund (D:2)
  A wyvern (D:9)
  A wraith (D:10)
  A water moccasin (D:4)
  A phantom (D:9)
  5 ice beasts
  7 orc warriors
  3 black bears (D:6)
  3 sky beasts
  2 ogres
  2 necrophages (D:11)
  2 centaurs
  3 bullfrogs
  A big kobold (D:8)
  3 scorpions
  11 killer bees (D:9)
  8 wights
  3 howler monkeys
  2 electric eels (D:10)
  3 centaur zombies
  5 bullfrog zombies
  A quasit (D:6)
  4 bullfrog skeletons
  A gnoll shaman (D:6)
  6 hounds
  7 jellies
  11 orc wizards
  11 orc priests
  Crazy Yiuf (D:2)
  2 centaur skeletons (D:4)
  2 iguanas
  Jessica (D:2)
  Ijyb (D:5)
  8 worker ants
  2 hound zombies
  A hound skeleton (D:6)
  3 worker ant zombies
  Robin (D:2)
  A howler monkey skeleton (D:8)
  5 gnolls
  9 adders
  2 shadow imps
  3 white imps
  3 ufetubi
  An ooze (D:3)
  An adder zombie (D:9)
  An adder skeleton (D:9)
  6 worms
  6 leopard geckos
  40 orcs
  5 bats
  2 giant cockroaches (D:1)
  14 goblins
  12 hobgoblins
  7 jackals
  15 kobolds
  3 quokkas
  10 frilled lizards
  9 rats
301 creatures vanquished.

Vanquished Creatures (others)
  An ogre (D:4)
  A worker ant (D:4)
  2 orcs (D:10)
  A quokka (D:4)
5 creatures vanquished.

Grand Total: 306 creatures vanquished

Notes
Turn   | Place    | Note
-------+----------+-------------------------------------------
     0 | D:1      | Borgoz the Ghoul Gladiator began the quest for the Orb.
     0 | D:1      | Reached XP level 1. HP: 17/17 MP: 0/0
   106 | D:1      | Reached XP level 2. HP: 24/24 MP: 1/1
   480 | D:1      | Reached skill level 1 in Armour
   538 | D:1      | Reached XP level 3. HP: 26/30 MP: 2/2
  1114 | D:2      | You fall into a shaft and drop 1 floor!
  1421 | D:3      | Reached XP level 4. HP: 22/37 MP: 3/3
  1925 | D:3      | Found an ancient bone altar of Kikubaaqudgha.
  2075 | D:4      | Killed an ogre
  2182 | D:4      | Reached XP level 5. HP: 36/44 MP: 4/4
  2261 | D:4      | Noticed a water moccasin
  2272 | D:4      | Killed a water moccasin
  2273 | D:4      | Reached XP level 6. HP: 46/51 MP: 5/5
  2766 | D:4      | Found a shimmering altar of Xom.
  2797 | D:4      | Reached XP level 7. HP: 57/57 MP: 6/6
  2797 | D:4      | Found a broken altar of Ashenzari.
  2847 | D:4      | Became a worshipper of Ashenzari the Shackled
  3085 | D:4      | Found a white marble altar of Elyvilon.
  3167 | D:5      | Entered Level 5 of the Dungeon
  3364 | D:5      | Noticed Ijyb
  3376 | D:5      | Killed Ijyb
  4013 | D:5      | Reached skill level 5 in Long Blades
  4013 | D:5      | Reached skill level 5 in Dodging
  4013 | D:5      | Reached XP level 8. HP: 40/66 MP: 7/7
  5690 | D:6      | Found a bloodstained altar of Trog.
  5704 | D:6      | Found a blossoming altar of Fedhas.
  5724 | D:5      | HP: 3/67 [wight/cursed +3 scimitar (10)]
  6050 | D:5      | Reached skill level 5 in Armour
  6274 | D:6      | Reached skill level 5 in Fighting
  6337 | D:6      | Reached XP level 9. HP: 23/74 MP: 8/8
  6906 | D:6      | Found a staircase to the Ecumenical Temple.
  6916 | Temple   | Entered the Ecumenical Temple
  7163 | D:6      | Reached * piety under Ashenzari
  7934 | D:7      | Found Jenadul's Antique Armour Boutique.
  7945 | D:7      | Bought a translucent scale mail for 198 gold pieces
  8042 | D:7      | Noticed Harold
  8071 | D:7      | Killed Harold
  8466 | D:7      | Reached XP level 10. HP: 83/83 MP: 9/9
  8534 | D:7      | Found Piomei's Jewellery Shoppe.
  8558 | D:7      | Found Xapha's Antique Weapon Emporium.
  8590 | D:7      | Found Neghued's General Store.
  8593 | D:7      | Bought a scroll of teleportation for 39 gold pieces
  8648 | D:7      | Noticed Maggie
  8650 | D:7      | Found an iron altar of Okawaru.
  8659 | D:7      | Killed Maggie
  8804 | D:7      | Found Cyfuidao's Assorted Antiques.
  8819 | D:7      | Bought a scroll labelled HUEFYTWAZIPS for 26 gold pieces
  8819 | D:7      | Bought a scroll labelled UMMURU ZAZXOTH for 26 gold pieces
  8819 | D:7      | Bought a scroll labelled NOAMEHA ADAU for 26 gold pieces
  8819 | D:7      | Bought a scroll labelled LUNUOF JIRHUOR for 26 gold pieces
  8825 | D:7      | Identified the +4 scale mail "Hadikk" {rF+ rC+ Regen+
                  | Dex-2} (You bought it in a shop on level 7 of the Dungeon)
  9491 | D:2      | Found a basalt altar of Yredelemnul.
  9565 | D:2      | Noticed Sigmund
  9573 | D:2      | Killed Sigmund
  9724 | D:2      | Found a runed translucent door.
  9725 | D:2      | Noticed Crazy Yiuf
  9731 | D:2      | Killed Crazy Yiuf
  9759 | D:2      | Noticed Jessica
  9764 | D:2      | Killed Jessica
 10037 | D:2      | Noticed Robin
 10057 | D:2      | Killed Robin
 10371 | D:8      | Noticed Psyche
 10385 | D:8      | Killed Psyche
 10763 | D:8      | Reached ** piety under Ashenzari
 11163 | D:9      | Identified the +6 quarterstaff "Qoedae" {holy, rPois Str+3
                  | Int+2}
 11292 | D:9      | Found a stormy altar of Qazlal.
 11755 | D:9      | Found a blossoming altar of Fedhas.
 11758 | D:9      | Found a hide-covered altar of Uskayaw.
 11761 | D:9      | Found a glowing silver altar of Zin.
 11764 | D:9      | Found an opulent altar of Gozag.
 11790 | D:9      | Found a staircase to the Lair.
 11909 | D:9      | Noticed an obsidian statue
 11922 | D:9      | Killed an obsidian statue
 11923 | D:9      | Reached XP level 11. HP: 85/92 MP: 10/10
 12196 | D:10     | Entered Level 10 of the Dungeon
 12567 | D:10     | Noticed Sonja
 12571 | D:10     | Noticed a two-headed ogre
 12930 | D:9      | Killed a two-headed ogre
 13186 | D:10     | Killed Sonja
 13368 | D:10     | Found a staircase to the Orcish Mines.
 13813 | D:11     | Noticed a red ugly thing
 14167 | D:11     | HP: 1/94 [red ugly thing (20)]
 14168 | D:11     | Killed a red ugly thing
 14178 | D:11     | Slain by a wight

Illustrated notes

Levels and vault maps discovered:
D:1:      minmay_arrival_widening_spiral_wide, layout_basic
D:2:      layout_loops_corners, yredelemnul_altar_generic,
          uniq_crazy_yiuf_cottage, uniq_sigmund, uniq_jessica, uniq_robin
D:3:      layout_loops_ring, lemuel_coloured_pillars_altar
D:4:      layout_basic, old_standard_altar, xom_confusion_cloud,
          marbit_many_paths, st_stairs_12
D:5:      layout_layer_cave, st_stairs_1, uniq_ijyb
D:6:      layout_rooms, trog_ov_bears_minmay, minmay_temple_entry_proselytizer,
          st_stairs_13, palyth_stone_intersect, kennysheep_big_empty_room,
          fedhas_altar_1
D:7:      layout_layer_cave, old_standard_altar, serial_shops,
          nicolae_shop_waterfront, kennysheep_mini, shop, nicolae_shop_stone,
          kennysheep_mini_moat, uniq_harold, uniq_maggie
D:8:      layout_gridville, uniq_psyche
D:9:      minmay_statue_hallways, layout_long_grid, grunt_qazlal_sundering,
          grunt_temple_overflow_cloverleaf, lair_entry_dummy
D:10:     layout_roguey, erik_orc_2, uniq_sonja
D:11:     layout_big_octagon, serial_undead, serial_undead_d, serial_undead_e,
          serial_undead_e, serial_undead_b, serial_undead_a, serial_undead_c,
          serial_shops, bzr_entry_customers, minmay_variable_closet,
          hangedman_decor_growths, uniq_erica
Temple:   eino_temple_lava

Skill      XL: |  1  2  3  4  5  6  7  8  9 10 11 |
---------------+----------------------------------+-----
Armour         | 1 2 3 4 5 6 8 9 |  9.0
Long Blades    | 3 4 5 6 7 8 9 |  9.5
Dodging        | 3 4 5 6 7 8 9 |  9.5
Fighting       | 3 4 5 6 7 |  7.9
Throwing       | |  1.7

Action                   |  1- 3 |  4- 6 |  7- 9 | 10-12 || total
-------------------------+-------+-------+-------+-------++-------
Melee: Long sword        |   110 |   115 |   191 |       ||   416
       Scimitar          |       |       |   159 |   482 ||   641
Throw: Throwing net      |       |       |     8 |     6 ||    14
Evoke: Wand              |       |       |       |    12 ||    12
  Use: Scroll            |       |       |       |    18 ||    18
       Potion            |       |       |       |     7 ||     7
 Stab: Held in net/web   |       |       |     7 |     1 ||     8
       Sleeping          |       |       |     3 |    10 ||    13
       Distracted        |       |       |       |     1 ||     1
Armor: Leather armour    |    38 |    31 |    97 |     3 ||   169
       Steam dragon scal |       |       |       |   139 ||   139
Dodge: Dodged            |    61 |    60 |   198 |   377 ||   696
Block: Other             |    14 |     2 |       |       ||    16
       Buckler           |       |    57 |   162 |   221 ||   440
       Reflection        |       |     2 |     1 |     1 ||     4
       Rpst.: Long sword |    13 |    17 |    33 |       ||    63
       Scimitar          |       |       |    21 |    96 ||   117
